 Dungeon Crawl Stone Soup version 0.14-a0-2162-g062a2ce (webtiles) character file.

762 Egon the Skirmisher (level 7, 21/93 HPs)
             Began as a Mottled Draconian Berserker on Jan 28, 2014.
             Was a Priest of Trog.
             Quit the game on Level 5 of the Dungeon.
             The game lasted 00:08:17 (3596 turns).

Egon the Skirmisher (Mottled Draconian Berserker)   Turns: 3596, Time: 00:08:17

HP  21/93        AC  6     Str 24      XL: 7   Next:  5%
MP   7/7         EV 14     Int  8      God: Trog [***...]
Gold 222         SH  0     Dex 12      Spells:  0 memorised,  6 levels left

rFire  . . .     SeeInvis +     a - +2,+1 orc war axe
rCold  . . .     Clarity  .     (armour unavailable)
rNeg   . . .     Conserve .     (no shield)
rPois  .         rCorr    .     (helmet restricted)
rElec  .         rRot     .     (no cloak)
SustAb . .       Spirit   .     (no gloves)
rMut   .         Warding  .     (no boots)
Saprov . . .     Stasis   .     E - amulet of inaccuracy {unknown}
MR     .....                    (no ring)
                                g - ring of see invisible

@: berserking, very quick, not resistant to hostile enchantments, extremely
unstealthy
A: breathe sticky flames, unfitting armour, AC +6
a: Breathe Sticky Flame, Burn Spellbooks, Berserk, Trog's Hand, Renounce
Religion


You were on level 5 of the Dungeon.
You worshipped Trog.
Trog was most pleased with you.
You were not hungry.

You visited 1 branch of the dungeon, and saw 5 of its levels.

You collected 222 gold pieces.

Inventory:

Hand weapons
 a - a +2,+1 orcish war axe (weapon)
 x - a +0,+0 hand axe
Magical devices
 u - a wand of digging (14)
 A - a wand of flame (18)
 D - a wand of digging (13)
Comestibles
 c - 3 bread rations
 i - a meat ration
Scrolls
 b - a scroll of blinking {unknown}
 d - 2 scrolls of enchant weapon I {unknown}
 e - 4 scrolls of teleportation {unknown}
 j - 5 scrolls of remove curse {unknown}
 k - 3 scrolls of identify {unknown}
 l - a scroll of noise {unknown}
 m - a scroll of recharging {unknown}
 o - a scroll of fear {unknown}
 v - a scroll of random uselessness {unknown}
 w - a scroll of curse weapon {unknown}
 y - a scroll of enchant armour {unknown}
 B - 2 scrolls of curse armour {unknown}
 G - a scroll of immolation {unknown}
Jewellery
 g - a ring of see invisible (left hand)
 E - an amulet of inaccuracy (around neck) {unknown}
Potions
 f - 2 potions of brilliance
 h - a potion of might {unknown}
 n - a potion of invisibility {unknown}
 p - a potion of speed
 q - a potion of magic {unknown}
 r - 4 potions of heal wounds
 s - a potion of confusion {unknown}
 t - a potion of lignification {unknown}
 z - a potion of mutation {unknown}
 C - a potion of degeneration {unknown}
 F - 3 potions of curing {unknown}


   Skills:
 + Level 5.9 Fighting
 + Level 5.1 Axes
 + Level 4.7 Dodging


You had 6 spell levels left.
You didn't know any spells.

Dungeon Overview and Level Annotations

Branches:
Dungeon (5/16)
 Temple: D:4-7

Altars:
Elyvilon
Fedhas


Message History

Trog accepts your kill.
You slice the sky beast!!
You kill the sky beast!
Trog accepts your kill.
Your Axes skill increases to level 5!
The orc wizard gestures at you while chanting.
You resist.
You closely miss the orc priest. You tail-slap the orc priest!
The orc priest is heavily wounded.
The orc priest hits you.
* * * LOW HITPOINT WARNING * * *
You closely miss the orc priest.
The orc priest is heavily wounded.
An orc comes into view. It is wielding an orcish dagger.
You slash the orc priest!
You kill the orc priest!
Trog accepts your kill.
You have reached level 7!
Your scales start taking on a weird mottled pattern.
Are you sure you want to abandon this character and quit the game? (Confirm with "yes".)

##...#...#####.###
.................
###......#####.### #
###......#######.###
o$...######.............[...<.
..o.o...o.....................
.........##......####...#.....
...##.....##%)..# #...#..... .
##....##@###########...((
..o...o.......... .......
...#..P#.###...## ####...
#...#...#.# .# ####
........... #.### #.# #.# ...
...


You could see an orc wizard and an orc.

Vanquished Creatures
  A sky beast (D:5)
  An ogre (D:3)
  Sigmund (D:3)
  An orc priest (D:5)
  A worker ant (D:3)
  A scorpion (D:3)
  An iguana (D:4)
  Ijyb (D:2)
  Jessica (D:3)
  Terence (D:3)
  3 adders
  A giant mite (D:3)
  An inept feature mimic (D:4)
  3 worms
  4 giant geckos
  6 orcs
  9 bats
  3 giant cockroaches
  15 goblins
  13 hobgoblins
  3 jackals (D:3)
  5 kobolds
  A quokka (D:4)
  2 ball pythons (D:3)
  2 giant newts
  7 rats
88 creatures vanquished.

Vanquished Creatures (others)
  A quokka (D:3)
1 creature vanquished.

Grand Total: 89 creatures vanquished

Notes
Turn   | Place    | Note
--------------------------------------------------------------
     0 | D:1      | Egon, the Draconian Berserker, began the quest for the Orb.
     0 | D:1      | Reached XP level 1. HP: 19/19 MP: 1/1
   165 | D:1      | Reached XP level 2. HP: 26/26 MP: 2/2
   814 | D:2      | Acquired Trog's second power
   884 | D:2      | Noticed Ijyb
   894 | D:2      | Killed Ijyb
   894 | D:2      | Reached skill level 4 in Fighting
   894 | D:2      | Reached XP level 3. HP: 33/33 MP: 3/3
  1066 | D:2      | Reached XP level 4. HP: 31/40 MP: 4/4
  2049 | D:3      | Noticed Jessica
  2057 | D:3      | Killed Jessica
  2057 | D:3      | Reached XP level 5. HP: 29/47 MP: 5/5
  2078 | D:3      | Noticed an ogre
  2086 | D:3      | Killed an ogre
  2086 | D:3      | Reached skill level 5 in Fighting
  2145 | D:3      | Noticed Terence
  2150 | D:3      | Killed Terence
  2245 | D:3      | Noticed Sigmund
  2264 | D:3      | Killed Sigmund
  2264 | D:3      | Reached XP level 6. HP: 54/56 MP: 6/6
  2382 | D:3      | Found a white marble altar of Elyvilon.
  2615 | D:3      | Found a blossoming altar of Fedhas.
  2817 | D:4      | Found Yhamank's Magical Wand Emporium.
  2820 | D:4      | Yhamank's Magical Wand Emporium was a mimic.
  3535 | D:5      | Entered Level 5 of the Dungeon
  3592 | D:5      | Reached skill level 5 in Axes
  3595 | D:5      | Your scales start taking on a weird mottled pattern.
  3595 | D:5      | Reached XP level 7. HP: 20/62 MP: 7/7
  3596 | D:5      | Quit the game

Action                   |  1- 3 |  4- 6 |  7- 9 || total
-------------------------+-------+-------+-------++-------
Melee: Hand axe          |    94 |    69 |       ||   163
       War axe           |       |   138 |       ||   138
Invok: Berserk           |     1 |     5 |       ||     6
       Trog's Hand       |       |     1 |       ||     1
Evoke: Wand              |       |     2 |       ||     2
  Use: Potion            |       |     3 |       ||     3
